 Dungeon Crawl Stone Soup version 0.31-a0-472-g43a2ca8e1b (webtiles) character file.

Game seed: 3385999192346093081

170 Ethylacetat the Changeling (level 5, 0/35 HPs)
             Began as an Octopode Shapeshifter on Aug 6, 2023.
             Slain by an orc
             ... wielding a +0 trident
              (4 damage)
             ... on level 3 of the Dungeon.
             The game lasted 00:02:17 (2621 turns).

Ethylacetat the Changeling (Octopode Shapeshifter)  Turns: 2621, Time: 00:02:18

Health: 0/35       AC:  1    Str: 14    XL:     5   Next: 50%
Magic:  5/5        EV: 13    Int: 11    God:
Gold:   93         SH:  0    Dex: 20    Spells: 4/4 levels left

rFire   . .          .
                       - Unarmed
rCold   . . .        (no shield)
rNeg    . . .        (helmet currently unavailable)
rPois   .            (no amulet)
rElec   .            k - +6 ring of dexterity
rCorr   .            (no ring)
SInv    .            (no ring)
Will    .....        (no ring)
Stlth   +++          (no ring)
HPRegen 0.25/turn    (no ring)
MPRegen 0.09/turn    (no ring)
                     (no ring)

%: no passive effects
@: beast-form
A: beast (slay +3), almost no armour, amphibious, 8 rings, camouflage 1,
gelatinous body 1, (nimble swimmer 1), tentacles
a: Begin Untransformation


You were on level 3 of the Dungeon.
You were a hulking beast.
You visited 1 branch of the dungeon, and saw 3 of its levels.

You collected 93 gold pieces.

Inventory:

Jewellery
 k - a +6 ring of dexterity (left tentacle)
Talismans
 b - a beast talisman (active)
Wands
 m - a wand of flame (25)
Scrolls
 c - a scroll of brand weapon {unknown}
 e - a scroll of enchant armour {unknown}
 f - 5 scrolls of identify {unknown}
 g - a scroll of noise {unknown}
Potions
 d - a potion of cancellation {unknown}
 h - a potion of might {unknown}
 i - 3 potions of curing {unknown}
 j - a potion of mutation {unknown}
 l - a potion of attraction {unknown}


   Skills:
 + Level 2.6 Fighting
 - Level 2.0 Dodging
 + Level 3.9 Unarmed Combat
 * Level 4.3 Shapeshifting


You had 4 spell levels left.
You didn't know any spells.
Your spell library contained the following spells:

 Spells                   Type           Power      Damage    Failure   Level
 Lesser Beckoning         Tloc           0%         N/A       47%         2
 Gell's Gravitas          Tloc           0%         N/A       71%         3
 Teleport Other           Tloc           0%         N/A       71%         3


Dungeon Overview and Level Annotations

Branches:
Dungeon (3/15)

Altars:
Fedhas
Nemelex Xobeh
Wu Jian


Innate Abilities, Weirdness & Mutations

You are a hulking beast.
Your limbs bulge with bestial killing power. (Slay +3)
You cannot wear most types of armour.
You are amphibious.
You can wear up to eight rings at the same time.
Your skin changes colour to match your surroundings (Stealth+).
Your rubbery body absorbs attacks. (AC +1, EV +1)
((You are camouflaged when in or above water. (Stealth+)))
You have tentacles for arms and can constrict up to eight enemies at once.


Message History

You kill the orc!
The orc hits you but does no damage.
You cannot move.
The orc hits you but does no damage. The orc hits you but does no damage.
The orc hits you but does no damage.
The orc hits you from afar with a +0 trident.
* * * LOW HITPOINT WARNING * * *
The orc hits you but does no damage. The orc hits you but does no damage.
The orc hits you but does no damage. The orc barely misses you.
The orc hits you from afar with a +0 trident.
* * * LOW HITPOINT WARNING * * *
The orc barely misses you. The orc barely misses you.
The orc hits you but does no damage. The orc hits you but does no damage.
The orc hits you but does no damage. The orc hits you but does no damage.
The orc hits you but does no damage. The orc hits you but does no damage.
The orc hits you but does no damage. The orc hits you but does no damage.
The orc hits you but does no damage.
Your transformation is almost over.
The orc hits you from afar with a +0 trident!
* * * LOW HITPOINT WARNING * * *
The orc hits you but does no damage. The orc hits you but does no damage.
The orc hits you but does no damage. The orc hits you but does no damage.
The orc hits you from afar with a +0 trident.
* * * LOW HITPOINT WARNING * * *
The orc hits you but does no damage. The orc hits you but does no damage.
You feel less wooden.
You turn into a hulking beast.
The orc hits you from afar with a +0 trident.
You die...

#####>...+...###.#.###.......
######.......#......#####
##...#.###.#...# #
#...#.....#####
##########...###
#............# #............#
#....).).....##
......o.h).......
........))........
...!######........ ...
#........ ## #........
....... ..... ....


You could see an orc.

Vanquished Creatures
  An iguana (D:3)
  Ijyb (D:3)
  4 adders
  3 dart slugs
  6 orcs (D:3)
  3 ball pythons
  4 endoplasms
  3 giant cockroaches
  4 goblins
  3 hobgoblins
  9 jackals (D:1)
  10 kobolds
  2 quokkas
  7 bats
  2 frilled lizards
  5 rats
67 creatures vanquished.

Notes
Turn   | Place    | Note
-------+----------+-------------------------------------------
     0 | D:1      | Ethylacetat the Octopode Shapeshifter began the quest for
                  | the Orb.
     0 | D:1      | Reached XP level 1. HP: 13/13 MP: 1/1
   123 | D:1      | Reached XP level 2. HP: 18/18 MP: 2/2
   480 | D:1      | Reached XP level 3. HP: 21/23 MP: 3/3
   491 | D:1      | HP: 1/23 [jackal (3)]
  1059 | D:2      | Found a faded altar of an unknown god.
  1391 | D:2      | Reached XP level 4. HP: 24/29 MP: 4/4
  1947 | D:3      | Found an ornate altar of the Wu Jian Council.
  2004 | D:3      | Found a blossoming altar of Fedhas.
  2128 | D:3      | Noticed Ijyb
  2140 | D:3      | Killed Ijyb
  2141 | D:3      | Reached skill level 4 in Shapeshifting
  2317 | D:3      | Reached XP level 5. HP: 33/35 MP: 5/5
  2564 | D:3      | Found a sparkling altar of Nemelex Xobeh.
  2621 | D:3      | Slain by an orc

Illustrated notes

Levels and vault maps discovered:
D:1:      sevenhm_arrival_forest_fort_large_2, layout_basic, st_stairs_11,
          minmay_cupped
D:2:      layout_loops_corners, hellmonk_ecumenical_altar_leap_of_faith
D:3:      layout_basic, mainiacjoe_overflow_boulevard,
          nemelex_dance_club_becter, nicolae_wu_jian_wuxing_cycle, uniq_ijyb

Skill      XL: |  1  2  3  4 |
---------------+-------------+-----
Fighting       | 2 |  2.6
Shapeshifting  | 4 |  4.3
Dodging        | |  2.0
Unarmed Combat | |  3.9

Action                     |  1- 3 |  4- 6 || total
---------------------------+-------+-------++-------
  Melee: Unarmed           |    63 |    66 ||   129
         Constrict         |    20 |    15 ||    35
         Tentacles         |     8 |    11 ||    19
         Punch             |     3 |       ||     3
    Use: Potion            |       |     1 ||     1
   Stab: Sleeping          |     5 |     3 ||     8
 Armour: Skin              |    16 |    50 ||    66
  Dodge: Dodged            |    47 |    31 ||    78

Table legend: (Time is in decaauts)
 A = Elapsed time spent in this place.
 B = Non-inter-level travel time spent in this place.
 C = Inter-level travel time spent in this place.
 D = Time resting spent in this place.
 E = Time spent auto-exploring this place.
 F = Levels seen in this place.
 G = Mean time per level.
                   A        B        C        D        E       F      G
               +--------+--------+--------+--------+--------+-----+--------+
         Total |   2611 |   2531 |     80 |     93 |   2073 |   3 |  870.3 |
       Dungeon |   2611 |   2531 |     80 |     93 |   2073 |   3 |  870.3 |
               +--------+--------+--------+--------+--------+-----+--------+

Top non-repeatable levels by time:
     D:1: 997 daAuts
     D:2: 857 daAuts
     D:3: 757 daAuts
